 Dungeon Crawl Stone Soup version 0.30-a0-778-g2ef04afb54 (webtiles) character file.

Game seed: 5125687951000847694

86 AndrolTheGreedy the Cudgeller (level 4, 0/48 HPs)
             Began as an Ogre Fighter on Feb 15, 2023.
             Succumbed to an adder's poison
             ... on level 2 of the Dungeon.
             The game lasted 00:05:55 (1529 turns).

AndrolTheGreedy the Cudgeller (Ogre Fighter)        Turns: 1529, Time: 00:05:56

Health: 0/48       AC:  3    Str: 22    XL:     4   Next: 49%
Magic:  4/4        EV:  8    Int:  9    God:
Gold:   123        SH:  7    Dex:  8    Spells: 3/3 levels left

rFire   . . .      SeeInvis .    a - +0 flail
rCold   + . .      Faith    .    c - +0 kite shield
rNeg    . . .      Spirit   .    b - +0 robe
rPois   .          Reflect  .    (helmet restricted)
rElec   .          Harm     .    (no cloak)
rCorr   .          Rampage  .    (gloves unavailable)
Will    .....                    (boots unavailable)
Stlth   +                        (no amulet)
HPRegen 0.28/turn                f - ring of protection from cold
MPRegen 0.09/turn                (no ring)

@: mighty, brilliant, lethally poisoned (0 -> -6), flying
A: large, unfitting armour, tough skin 1
a: no special abilities


You were on level 2 of the Dungeon.
You visited 1 branch of the dungeon, and saw 3 of its levels.

You collected 123 gold pieces.

Inventory:

Hand Weapons
 a - a +0 flail (weapon)
Armour
 b - a +0 robe (worn)
 c - a +0 kite shield (worn)
Jewellery
 f - a ring of protection from cold (left hand)
Scrolls
 j - a scroll of immolation {unknown}
 l - a scroll of enchant armour {unknown}
Potions
 e - a potion of flight
 g - a potion of brilliance
 h - a potion of lignification {unknown}
 i - a potion of degeneration {unknown}
 k - 2 potions of magic {unknown}
 m - 3 potions of heal wounds {unknown}
 n - a potion of ambrosia {unknown}


   Skills:
 - Level 4.0 Fighting
 + Level 4.2 Maces & Flails
 - Level 2.6 Dodging
 - Level 3.0 Shields


You had 3 spell levels left.
You didn't know any spells.
Your spell library was empty.

Dungeon Overview and Level Annotations

Branches:
Dungeon (3/15)

Altars:
Zin

Annotations:
D:3 Grinder


Innate Abilities, Weirdness & Mutations

You are too large for most types of armour.
You have tough skin. (AC +1)


Message History

The jackal is heavily wounded.
The jackal bites you.
The jackal bites you but does no damage.
You hit the jackal.
You kill the jackal!
The adder barely misses you.
You miss the adder. The adder bites you but does no damage.
You closely miss the adder. The adder bites you.
You are poisoned.
The adder poisons you! The adder bites you.
You closely miss the adder.
You feel sick.
The adder bites you but does no damage. x2
You barely miss the adder.
You feel sick. The adder barely misses you.
You barely miss the adder.
You feel sick. The adder bites you.
* * * LOW HITPOINT WARNING * * *
The adder bites you.
* * * LOW HITPOINT WARNING * * *
You feel very mighty all of a sudden.
You feel sick. The adder bites you.
* * * LOW HITPOINT WARNING * * *
You closely miss the adder.
You feel sick.
You are no longer poisoned.
The adder closely misses you. You block the adder's attack.
You miss the adder. The adder barely misses you. x2
You barely miss the adder. The adder closely misses you.
The adder completely misses you.
You miss the adder. You block the adder's attack.
You hit the adder.
The adder is moderately wounded.
You block the adder's attack. x2
It was a potion of brilliance.
You feel clever all of a sudden. The adder bites you.
* * * LOW HITPOINT WARNING * * *
You are lethally poisoned!
The adder poisons you! You block the adder's attack.
It was a potion of flight.
You feel very buoyant.
You fly up into the air.
You die...

#..........#............
#..........#..#####.....
#............## #.....
#...........#### #.....
#.........^....# ####..
#.........>....# #..
##########†....#######.#
#######..........##.#
#...@Sh..............
#.#####.....######### #.#
#.....'>......#
######.#####.....#######.#
#...<......#####.#### #.#
#..........#........# #.#
#..........#........# #.#
#(..................# #..
#..........#........######


You could see an adder and a jackal.

Vanquished Creatures
  3 adders (D:2)
  A dart slug (D:1)
  An orc (D:3)
  4 ball pythons
  5 bats
  7 endoplasms
  4 giant cockroaches
  4 goblins
  3 hobgoblins
  6 jackals (D:2)
  3 kobolds
  3 quokkas
  2 rats
46 creatures vanquished.

Notes
Turn   | Place    | Note
-------+----------+-------------------------------------------
     0 | D:1      | AndrolTheGreedy the Ogre Fighter began the quest for the
                  | Orb.
     0 | D:1      | Reached XP level 1. HP: 24/24 MP: 1/1
    56 | D:1      | Reached XP level 2. HP: 32/32 MP: 2/2
   208 | D:1      | Reached XP level 3. HP: 39/39 MP: 3/3
   829 | D:2      | Found a glowing silver altar of Zin.
   878 | D:2      | Reached XP level 4. HP: 48/48 MP: 4/4
  1410 | D:3      | Noticed Grinder
  1528 | D:2      | HP: 1/48 [adder (3)]
  1529 | D:2      | Succumbed to an adder's poison

Illustrated notes

Levels and vault maps discovered:
D:1:      amcnicky_arrival_single_pillar, layout_basic
D:2:      layout_basic, basic_altar
D:3:      layout_loops_corners, minmay_overflow_temple_star_quad, st_stairs_9,
          hex_medium, uniq_grinder

Skill      XL: |  1  2  3  4 |
---------------+-------------+-----
Maces & Flails | 2 3 4 |  4.2
Fighting       | |  4.0
Dodging        | |  2.6
Shields        | |  3.0

Action                     |  1- 3 |  4- 6 || total
---------------------------+-------+-------++-------
  Melee: Flail             |   107 |    51 ||   158
    Use: Potion            |       |     3 ||     3
 Armour: Robe              |    47 |    27 ||    74
  Dodge: Dodged            |    51 |    36 ||    87
  Block: Kite shield       |    48 |    30 ||    78

Table legend: (Time is in decaauts)
 A = Elapsed time spent in this place.
 B = Non-inter-level travel time spent in this place.
 C = Inter-level travel time spent in this place.
 D = Time resting spent in this place.
 E = Time spent auto-exploring this place.
 F = Levels seen in this place.
 G = Mean time per level.
                   A        B        C        D        E       F      G
               +--------+--------+--------+--------+--------+-----+--------+
         Total |   1588 |   1525 |     63 |    123 |    900 |   3 |  529.3 |
       Dungeon |   1588 |   1525 |     63 |    123 |    900 |   3 |  529.3 |
               +--------+--------+--------+--------+--------+-----+--------+

Top non-repeatable levels by time:
     D:2: 1022 daAuts
     D:1: 549 daAuts
     D:3: 16 daAuts
